AA NE
TRENTON THUNDER @ PORTLAND SEA DOGS
06/30/2030
 
TOP OF THE 1ST
Trenton Thunder batting - Pitching for Portland Sea Dogs : RHP Alan Tolbert
Pitching: RHP Alan Tolbert
Batting: SHB Chris Darling 0-0: Called Strike
0-1: Ball
1-1: Fly out, F8 (Flyball, 8RD, EV 86.3 MPH)
Batting: LHB Junior Sanchez 0-0: Ball
1-0: Ball
2-0: Fly out, F8 (Flyball, 8RM, EV 87.5 MPH)
Batting: RHB Jose Saldana 0-0: Ball
1-0: Called Strike
1-1: Ball
2-1: Ball
3-1: Called Strike
3-2: Foul Ball, location: 5F
3-2: Foul Ball, location: 2F
3-2: Foul Ball, location: 5FF
3-2: Foul Ball, location: 25F
3-2: Ground out 6-3 (Groundball, 6MS, EV 85.0 MPH)
Top of the 1st over - 0 runs, 0 hits, 0 errors, 0 left on base; Trenton 0 - Portland 0
BOTTOM OF THE 1ST
Portland Sea Dogs batting - Pitching for Trenton Thunder : RHP Gabe Reinman
Pitching: RHP Gabe Reinman
Batting: LHB Jabari Pankey 0-0: Ball
1-0: Foul Ball, location: 7LSF
1-1: Ball
2-1: Fly out, F8 (Flyball, 8RXD, EV 81.3 MPH)
Batting: RHB Ben Baer 0-0: Ball
1-0: Called Strike
1-1: Bunted foul
1-2: Foul Ball, location: 23FF
1-2: Ball
2-2: Foul Ball, location: 2F
2-2: Ball
3-2: Foul Ball, location: 2F
3-2: Fly out, F7 (Flyball, 7LM, EV 90.6 MPH)
Batting: LHB Steve Cruff 0-0: Called Strike
0-1: Called Strike
0-2: Ball
1-2: Ground out 4-3 (Groundball, 4, EV 87.5 MPH)
Bottom of the 1st over - 0 runs, 0 hits, 0 errors, 0 left on base; Trenton 0 - Portland 0
TOP OF THE 2ND
Trenton Thunder batting - Pitching for Portland Sea Dogs : RHP Alan Tolbert
Batting: LHB Oneil Cruz 0-0: Ball
1-0: Ball
2-0: Foul Ball, location: 2F
2-1: Foul Ball, location: 2F
2-2: Ball
3-2: SINGLE (Line Drive, 89S, EV 90.0 MPH)
Batting: RHB Denzer Guzman 0-0: DOUBLE (Line Drive, 78D, EV 98.8 MPH)
Oneil Cruz to third
Batting: LHB Jim Hatch 0-0: Ball
1-0: Swinging Strike
1-1: Ball
2-1: Swinging Strike
2-2: Ground out 4-3 (Groundball, 4, EV 110.0 MPH)
Oneil Cruz scores
Denzer Guzman to third
Batting: LHB Jeferson Espinal 0-0: Foul Ball, location: 5SF
0-1: Ball
1-1: Ball
2-1: Ball
3-1: Base on Balls
Batting: RHB Mike Estrada 0-0: Ball
1-0: Ball
2-0: Foul Ball, location: 23F
2-1: Foul Ball, location: 9LMF
2-2: Strikes out swinging
Batting: SHB J.J. Lewis 0-0: Ball
1-0: Foul Ball, location: 3SF
1-1: Called Strike
1-2: SINGLE (Flyball, 5D, EV 90.0 MPH)
Denzer Guzman scores
Jeferson Espinal to second
Runner from 2nd tries for 3rd, SAFE, throw by LF made to third
Batting: SHB Chris Darling 0-0: SINGLE (Groundball, 34D, EV 99.4 MPH)
Jeferson Espinal scores
J.J. Lewis to second
Runner from 2nd tries for 3rd, SAFE, throw by RF made to third
Batting: LHB Junior Sanchez 0-0: Ball
1-0: Swinging Strike
1-1: Ball
2-1: Swinging Strike
2-2: Fly out, F5 (Popup, 5SF, EV 87.5 MPH)
Top of the 2nd over - 3 runs, 4 hits, 0 errors, 2 left on base; Trenton 3 - Portland 0
BOTTOM OF THE 2ND
Portland Sea Dogs batting - Pitching for Trenton Thunder : RHP Gabe Reinman
Batting: LHB Cesar Avalos 0-0: Ball
1-0: Swinging Strike
1-1: Fly out, F7 (Flyball, 78D, EV 87.5 MPH)
Batting: RHB David Pacheco 0-0: Ball
1-0: Ball
2-0: Ball
3-0: Called Strike
3-1: Foul Ball, location: 2F
3-2: Foul Ball, location: 9LSF
3-2: Base on Balls
Batting: RHB Malik Franks 0-0: Fly out, F7 (Flyball, 7, EV 93.1 MPH)
Batting: SHB Oscar de Lara 0-0: Swinging Strike
0-1: Ball
1-1: Fly out, F8 (Flyball, 8LM, EV 83.8 MPH)
Bottom of the 2nd over - 0 runs, 0 hits, 0 errors, 1 left on base; Trenton 3 - Portland 0
TOP OF THE 3RD
Trenton Thunder batting - Pitching for Portland Sea Dogs : RHP Alan Tolbert
Batting: RHB Jose Saldana 0-0: Foul Ball, location: 9LDF
0-1: Foul Ball, location: 3F
0-2: Fly out, F8 (Flyball, 78S, EV 92.5 MPH)
Batting: LHB Oneil Cruz 0-0: Fly out, F9 (Flyball, 9D, EV 93.8 MPH)
Batting: RHB Denzer Guzman 0-0: Ball
1-0: Fly out, F8 (Flyball, 8LM, EV 88.8 MPH)
Top of the 3rd over - 0 runs, 0 hits, 0 errors, 0 left on base; Trenton 3 - Portland 0
BOTTOM OF THE 3RD
Portland Sea Dogs batting - Pitching for Trenton Thunder : RHP Gabe Reinman
Batting: RHB Lyonell James 0-0: Fly out, F7 (Flyball, 78XD, EV 86.3 MPH)
Batting: LHB Jeremy Mitchell 0-0: Ball
1-0: Ball
2-0: Foul Ball, location: 3F
2-1: Foul Ball, location: 7LSF
2-2: Foul Ball, location: 7LMF
2-2: Ball
3-2: Foul Ball, location: 5F
3-2: SINGLE (Line Drive, 34, EV 96.3 MPH)
Batting: LHB Jabari Pankey 0-0: Ball
1-0: Fly out, F9 (Line Drive, 89M, EV 86.9 MPH)
Batting: RHB Ben Baer 0-0: Called Strike
0-1: Called Strike
0-2: Foul Ball, location: 3F
0-2: Strikes out looking
Bottom of the 3rd over - 0 runs, 1 hit, 0 errors, 1 left on base; Trenton 3 - Portland 0
TOP OF THE 4TH
Trenton Thunder batting - Pitching for Portland Sea Dogs : RHP Alan Tolbert
Batting: LHB Jim Hatch 0-0: Ball
1-0: Ball
2-0: Ball
3-0: Base on Balls
Batting: LHB Jeferson Espinal 0-0: Swinging Strike
0-1: Ball
1-1: Foul Ball, location: 2RF
1-2: Strikes out swinging
Batting: RHB Mike Estrada 0-0: Ball
1-0: Ball
2-0: Fly out, F7 (Flyball, 7S, EV 86.9 MPH)
Batting: SHB J.J. Lewis 0-0: Ball
1-0: Ball
2-0: Ground out 4-3 (Groundball, 4, EV 79.4 MPH)
Top of the 4th over - 0 runs, 0 hits, 0 errors, 1 left on base; Trenton 3 - Portland 0
BOTTOM OF THE 4TH
Portland Sea Dogs batting - Pitching for Trenton Thunder : RHP Gabe Reinman
Batting: LHB Steve Cruff 0-0: Ball
1-0: Fly out, F7 (Flyball, 7LS, EV 90.0 MPH)
Batting: LHB Cesar Avalos 0-0: Called Strike
0-1: Ball
1-1: Ground out 5-3 (Groundball, 56, EV 90.6 MPH)
Batting: RHB David Pacheco 0-0: Ball
1-0: Ball
2-0: Called Strike
2-1: Ball
3-1: Foul Ball, location: 2F
3-2: Foul Ball, location: 25F
3-2: Ground out 6-3 (Groundball, 6, EV 84.4 MPH)
Bottom of the 4th over - 0 runs, 0 hits, 0 errors, 0 left on base; Trenton 3 - Portland 0
TOP OF THE 5TH
Trenton Thunder batting - Pitching for Portland Sea Dogs : RHP Alan Tolbert
Batting: SHB Chris Darling 0-0: Called Strike
0-1: Ground out 4-3 (Groundball, 4, EV 84.4 MPH)
Batting: LHB Junior Sanchez 0-0: Called Strike
0-1: Foul Ball, location: 2F
0-2: Foul Ball, location: 2F
0-2: Ball
1-2: Ground out 4-3 (Groundball, 4, EV 85.0 MPH)
Batting: RHB Jose Saldana 0-0: SINGLE (Groundball, 4M, EV 85.0 MPH) (infield hit)
Batting: LHB Oneil Cruz 0-0: Fly out, F9 (Line Drive, 9S, EV 90.6 MPH)
Top of the 5th over - 0 runs, 1 hit, 0 errors, 1 left on base; Trenton 3 - Portland 0
BOTTOM OF THE 5TH
Portland Sea Dogs batting - Pitching for Trenton Thunder : RHP Gabe Reinman
Batting: RHB Malik Franks 0-0: Ball
1-0: Foul Ball, location: 5F
1-1: SINGLE (Line Drive, 89S, EV 96.3 MPH)
Batting: SHB Oscar de Lara 0-0: Ball
1-0: Foul Ball, location: 7LSF
1-1: Ball
2-1: Ground out 5-3 (Groundball, 56S, EV 60.0 MPH)
Malik Franks to second
Pitching: RHP Butch Gallo
Batting: RHB Lyonell James 0-0: Called Strike
0-1: Ball
1-1: Ground out 5-3 (Groundball, 56S, EV 83.8 MPH)
Batting: LHB Jeremy Mitchell 0-0: Ball
1-0: Swinging Strike
1-1: Fly out, F8 (Flyball, 8RD, EV 101.9 MPH)
Bottom of the 5th over - 0 runs, 1 hit, 0 errors, 1 left on base; Trenton 3 - Portland 0
TOP OF THE 6TH
Trenton Thunder batting - Pitching for Portland Sea Dogs : RHP Alan Tolbert
Batting: RHB Denzer Guzman 0-0: Ball
1-0: DOUBLE (Line Drive, 89XD, EV 104.4 MPH)
Batting: LHB Jim Hatch 0-0: Fly out, F7 (Flyball, 7LM, EV 105.6 MPH)
Batting: LHB Jeferson Espinal 0-0: Foul Ball, location: 9LSF
0-1: Called Strike
0-2: Ball
1-2: Ground out 4-3 (Groundball, 4, EV 83.8 MPH)
Denzer Guzman to third
Batting: RHB Mike Estrada 0-0: Foul Ball, location: 5FF
0-1: Ball
1-1: Called Strike
1-2: Ball
2-2: Strikes out swinging
Top of the 6th over - 0 runs, 1 hit, 0 errors, 1 left on base; Trenton 3 - Portland 0
BOTTOM OF THE 6TH
Portland Sea Dogs batting - Pitching for Trenton Thunder : RHP Butch Gallo
Batting: LHB Jabari Pankey 0-0: SINGLE (Line Drive, 6D, EV 93.8 MPH)
Batting: RHB Ben Baer 0-0: Ball
1-0: Fly out, F7 (Line Drive, 7LM, EV 87.5 MPH)
Batting: LHB Steve Cruff 0-0: Ball
1-0: Reached on error, E3 (Groundball, 3S, EV 83.8 MPH)
Jabari Pankey to second
Batting: LHB Cesar Avalos 0-0: Called Strike
0-1: Called Strike
0-2: Strikes out looking
Batting: RHB David Pacheco 0-0: Called Strike
0-1: Ball
1-1: Ball
2-1: Called Strike
2-2: Foul Ball, location: 9LMF
2-2: SINGLE (Groundball, 4MD, EV 105.6 MPH)
Jabari Pankey to third
Steve Cruff to second
Runner from 3rd tries for Home, SAFE, throw by CF to home
Batting: RHB Malik Franks 0-0: Ball
1-0: Ball
2-0: Ball
3-0: Called Strike
3-1: Fly out, F8 (Flyball, 8LD, EV 91.9 MPH)
Bottom of the 6th over - 1 run, 2 hits, 1 error, 2 left on base; Trenton 3 - Portland 1
TOP OF THE 7TH
Trenton Thunder batting - Pitching for Portland Sea Dogs : RHP Alan Tolbert
Batting: SHB J.J. Lewis 0-0: Foul Ball, location: 25FF
0-1: Ball
1-1: Ball
2-1: Ground out 6-3 (Groundball, 56, EV 82.5 MPH)
Batting: SHB Chris Darling 0-0: Ball
1-0: Called Strike
1-1: Swinging Strike
1-2: SINGLE (Line Drive, 89S, EV 98.8 MPH)
Pitching: RHP Omar Balderas
Batting: LHB Junior Sanchez 0-0: Ball
1-0: Foul Ball, location: 2F
1-1: Swinging Strike
1-2: Ball
2-2: Foul Ball, location: 3F
2-2: Foul Ball, location: 23F
2-2: Strikes out looking
Batting: RHB Jose Saldana 0-0: Ball
Chris Darling steals 2nd base
1-0: Ball
2-0: Ball
3-0: Base on Balls
Batting: LHB Oneil Cruz 0-0: Ball
1-0: Ball
2-0: Foul Ball, location: 2F
2-1: Swinging Strike
2-2: Strikes out swinging
Top of the 7th over - 0 runs, 1 hit, 0 errors, 2 left on base; Trenton 3 - Portland 1
BOTTOM OF THE 7TH
Portland Sea Dogs batting - Pitching for Trenton Thunder : RHP Butch Gallo
Batting: SHB Oscar de Lara 0-0: Ball
1-0: Ball
2-0: Called Strike
2-1: Ball
3-1: Swinging Strike
3-2: Base on Balls
Pitching: RHP Sergio Vargas
Batting: RHB Lyonell James 0-0: SINGLE (Groundball, 6MD, EV 107.5 MPH)
Oscar de Lara to second
Batting: LHB Jeremy Mitchell 0-0: Called Strike
0-1: SINGLE (Groundball, 34D, EV 86.3 MPH) (infield hit)
Oscar de Lara to third
Lyonell James to second
Batting: LHB Jabari Pankey 0-0: Ball
1-0: Ball
2-0: Called Strike
2-1: Foul Ball, location: 23F
2-2: Foul Ball, location: 2F
2-2: Strikes out swinging
Pinch Hitting: LHB David Hall 0-0: Ball
1-0: Called Strike
1-1: Swinging Strike
1-2: Ball
2-2: Ball
3-2: Foul Ball, location: 25F
3-2: Strikes out swinging
Batting: LHB Steve Cruff 0-0: Called Strike
0-1: Ball
1-1: SINGLE (Groundball, 4, EV 103.8 MPH) (infield hit)
Oscar de Lara scores
Lyonell James to third
Jeremy Mitchell to second
Batting: LHB Cesar Avalos 0-0: Called Strike
0-1: Ball
1-1: Ball
2-1: Ball
3-1: Base on Balls
Lyonell James scores
Jeremy Mitchell to third
Steve Cruff to second
Batting: RHB David Pacheco 0-0: Foul Ball, location: 2F
0-1: Ball
1-1: Ball
2-1: Foul Ball, location: 5F
2-2: Foul Ball, location: 9LMF
2-2: Fielders Choice at 2nd, 6-4 (Groundball, 6, EV 106.9 MPH)
Bottom of the 7th over - 2 runs, 3 hits, 0 errors, 3 left on base; Trenton 3 - Portland 3
TOP OF THE 8TH
Trenton Thunder batting - Pitching for Portland Sea Dogs : RHP Omar Balderas
Now in LF: Jabari Pankey
Now in CF: Jose Pesquera
Batting: RHB Denzer Guzman 0-0: Called Strike
0-1: DOUBLE (Flyball, 8LXD, EV 96.9 MPH)
Batting: LHB Jim Hatch 0-0: Intentional Walk
Batting: LHB Jeferson Espinal 0-0: Called Strike
0-1: Ball
1-1: Foul Ball, location: 5FF
1-2: Ball
2-2: Ball
3-2: Fly out, F7 (Line Drive, 7S, EV 87.5 MPH)
Batting: RHB Mike Estrada 0-0: Ball
1-0: Ball
2-0: Foul Ball, location: 9LDF
2-1: Swinging Strike
2-2: Ball
3-2: Foul Ball, location: 2F
3-2: Strikes out looking
Batting: SHB J.J. Lewis 0-0: Fielders Choice at 2nd, 5-4 (Groundball, 56, EV 88.8 MPH)
Top of the 8th over - 0 runs, 1 hit, 0 errors, 2 left on base; Trenton 3 - Portland 3
BOTTOM OF THE 8TH
Portland Sea Dogs batting - Pitching for Trenton Thunder : RHP Sergio Vargas
Pitching: RHP Manuele Galli
Batting: RHB Malik Franks 0-0: Swinging Strike
0-1: Ball
1-1: Called Strike
1-2: Fly out, F9 (Flyball, 9LSF, EV 83.1 MPH)
Batting: SHB Oscar de Lara 0-0: Fly out, F9 (Flyball, 9LS, EV 83.1 MPH)
Batting: RHB Lyonell James 0-0: Called Strike
0-1: Called Strike
0-2: Ball
1-2: Fly out, F4 (Line Drive, 34D, EV 65.6 MPH)
Bottom of the 8th over - 0 runs, 0 hits, 0 errors, 0 left on base; Trenton 3 - Portland 3
TOP OF THE 9TH
Trenton Thunder batting - Pitching for Portland Sea Dogs : RHP Omar Balderas
Pitching: RHP Elvin Villega
Batting: SHB Chris Darling 0-0: Called Strike
0-1: Foul Ball, location: 9LMFF
0-2: Foul Ball, location: 3FF
0-2: SINGLE (Groundball, 34D, EV 101.3 MPH) (infield hit)
Batting: LHB Junior Sanchez 0-0: Ball
1-0: Foul Ball, location: 25FF
1-1: Ball
2-1: Grounds into double play, 6-4-3 (Groundball, 6, EV 106.3 MPH)
Batting: RHB Jose Saldana 0-0: Foul Ball, location: 2F
0-1: Ball
1-1: Called Strike
1-2: Ball
2-2: Ball
3-2: SINGLE (Line Drive, 4D, EV 96.3 MPH)
Batting: LHB Oneil Cruz 0-0: Fly out, F7 (Line Drive, 78M, EV 88.8 MPH)
Top of the 9th over - 0 runs, 2 hits, 0 errors, 1 left on base; Trenton 3 - Portland 3
BOTTOM OF THE 9TH
Portland Sea Dogs batting - Pitching for Trenton Thunder : RHP Manuele Galli
Pitching: LHP Steve Webster
Pinch Hitting: RHB Jim Fonseca 0-0: Ground out 5-3 (Groundball, 56S, EV 79.4 MPH)
Pinch Hitting: RHB Kelvin Diaz 0-0: Swinging Strike
0-1: Ball
1-1: Ground out 6-3 (Groundball, 56D, EV 85.0 MPH)
Pinch Hitting: RHB Chris Barcellos 0-0: Foul Ball, location: 2F
0-1: Swinging Strike
0-2: Foul Ball, location: 2F
0-2: Ground out 4-3 (Groundball, 4, EV 83.1 MPH)
Bottom of the 9th over - 0 runs, 0 hits, 0 errors, 0 left on base; Trenton 3 - Portland 3
TOP OF THE 10TH
Trenton Thunder batting - Pitching for Portland Sea Dogs : RHP Elvin Villega
Now at C: Jim Fonseca
Now in LF: Chris Barcellos
Now in CF: Kelvin Diaz
Batting: RHB Denzer Guzman 0-0: Ball
1-0: Ball
2-0: Called Strike
2-1: Swinging Strike
2-2: DOUBLE (Line Drive, 89D, EV 103.1 MPH)
Batting: LHB Jim Hatch 0-0: Intentional Walk
Batting: LHB Jeferson Espinal 0-0: Ball
1-0: Ball
2-0: Fly out, F9 (Flyball, 89S, EV 90.6 MPH)
Pinch Hitting: LHB Samuel Zavala 0-0: SINGLE (Line Drive, 7LS, EV 110.0 MPH)
Denzer Guzman to third
Jim Hatch to second
Batting: SHB J.J. Lewis 0-0: Grounds into fielders choice 3-2 (Groundball, 34S, EV 72.5 MPH)
Jim Hatch to third
Samuel Zavala to second
Batting: SHB Chris Darling 0-0: Fly out, F8 (Flyball, 8LD, EV 98.8 MPH)
Top of the 10th over - 0 runs, 2 hits, 0 errors, 3 left on base; Trenton 3 - Portland 3
BOTTOM OF THE 10TH
Portland Sea Dogs batting - Pitching for Trenton Thunder : LHP Steve Webster
Pitching: RHP Steve Mines
Now in LF: Samuel Zavala
Now in CF: Jeferson Espinal
Batting: LHB Steve Cruff 0-0: Ground out 4-3 (Groundball, 34, EV 101.3 MPH)
Batting: LHB Cesar Avalos 0-0: Ball
1-0: Foul Ball, location: 2F
1-1: Foul Ball, location: 5DF
1-2: Strikes out swinging
Batting: RHB David Pacheco 0-0: Ball
1-0: Called Strike
1-1: Ball
2-1: Ground out U3 (Groundball, 34, EV 80.6 MPH)
Bottom of the 10th over - 0 runs, 0 hits, 0 errors, 0 left on base; Trenton 3 - Portland 3
TOP OF THE 11TH
Trenton Thunder batting - Pitching for Portland Sea Dogs : RHP Elvin Villega
Pitching: RHP R.J. Thorp
Batting: LHB Junior Sanchez 0-0: Ball
1-0: SINGLE (Line Drive, 7LM, EV 103.8 MPH)
Batting: RHB Jose Saldana 0-0: Ball
1-0: Swinging Strike
1-1: Foul Ball, location: 2F
1-2: Grounds into double play, 5-4-3 (Groundball, 5L, EV 101.3 MPH)
Batting: LHB Oneil Cruz 0-0: Ball
1-0: Swinging Strike
1-1: Ground out 4-3 (Groundball, 13, EV 87.5 MPH)
Top of the 11th over - 0 runs, 1 hit, 0 errors, 0 left on base; Trenton 3 - Portland 3
BOTTOM OF THE 11TH
Portland Sea Dogs batting - Pitching for Trenton Thunder : RHP Steve Mines
Batting: RHB Malik Franks 0-0: Foul Ball, location: 2F
0-1: Called Strike
0-2: Ball
1-2: Ball
2-2: Ground out 3-1 (Groundball, 34, EV 100.0 MPH)
Batting: SHB Oscar de Lara 0-0: Ball
1-0: Called Strike
1-1: Ground out 6-3 (Groundball, 6, EV 110.6 MPH)
Batting: RHB Lyonell James 0-0: Ball
1-0: Swinging Strike
1-1: Ball
2-1: SINGLE (Line Drive, 3D, EV 98.8 MPH)
Pinch Hitting: LHB Carlos Cortes 0-0: Called Strike
0-1: Called Strike
0-2: Foul Ball, location: 2F
0-2: Foul Ball, location: 9LSFF
0-2: Ball
1-2: Strikes out looking
Bottom of the 11th over - 0 runs, 1 hit, 0 errors, 1 left on base; Trenton 3 - Portland 3
TOP OF THE 12TH
Trenton Thunder batting - Pitching for Portland Sea Dogs : RHP R.J. Thorp
Now at C: Phil Valvano
Batting: RHB Denzer Guzman 0-0: Called Strike
0-1: Ball
1-1: Ground out 5-3 (Groundball, 56S, EV 79.4 MPH)
Batting: LHB Jim Hatch 0-0: Fly out, F9 (Flyball, 9S, EV 78.1 MPH)
Batting: LHB Jeferson Espinal 0-0: Ball
1-0: Ball
2-0: Called Strike
2-1: Fly out, F8 (Flyball, 8LM, EV 88.1 MPH)
Top of the 12th over - 0 runs, 0 hits, 0 errors, 0 left on base; Trenton 3 - Portland 3
BOTTOM OF THE 12TH
Portland Sea Dogs batting - Pitching for Trenton Thunder : RHP Steve Mines
Pitching: RHP Alvaro Mejias
Batting: RHB Kelvin Diaz 0-0: Foul Ball, location: 2F
0-1: Called Strike
0-2: Ball
1-2: Fly out, F9 (Flyball, 89D, EV 106.9 MPH)
Batting: RHB Chris Barcellos 0-0: Foul Ball, location: 2F
0-1: Ball
1-1: Ball
2-1: Foul Ball, location: 2F
2-2: SINGLE (Groundball, 4M, EV 103.8 MPH) (infield hit)
Batting: LHB Steve Cruff 0-0: Fly out, F9 (Flyball, 9LM, EV 96.9 MPH)
Batting: LHB Cesar Avalos 0-0: Ball
Chris Barcellos steals 2nd base
1-0: Intentional Walk
Batting: RHB David Pacheco 0-0: Called Strike
0-1: Ball
Wild Pitch!
Chris Barcellos to third
Cesar Avalos to second
1-1: Ball
2-1: Fly out, F8 (Flyball, 8RXD, EV 96.9 MPH)
Bottom of the 12th over - 0 runs, 1 hit, 0 errors, 2 left on base; Trenton 3 - Portland 3
TOP OF THE 13TH
Trenton Thunder batting - Pitching for Portland Sea Dogs : RHP R.J. Thorp
Batting: LHB Samuel Zavala 0-0: Ball
1-0: Ground out 5-3 (Groundball, 56S, EV 81.9 MPH)
Batting: SHB J.J. Lewis 0-0: Called Strike
0-1: Fly out, F8 (Flyball, 8LD, EV 110.0 MPH)
Batting: SHB Chris Darling 0-0: Called Strike
0-1: Fly out, F8 (Flyball, 89M, EV 85.0 MPH)
Top of the 13th over - 0 runs, 0 hits, 0 errors, 0 left on base; Trenton 3 - Portland 3
BOTTOM OF THE 13TH
Portland Sea Dogs batting - Pitching for Trenton Thunder : RHP Alvaro Mejias
Batting: RHB Malik Franks 0-0: Ground out 1-3 (Groundball, 13S, EV 71.9 MPH)
Batting: SHB Oscar de Lara 0-0: Foul Ball, location: 25FF
0-1: Swinging Strike
0-2: Ball
1-2: SINGLE (Line Drive, 8LS, EV 109.4 MPH)
Pitching: RHP Steve Tapia
Batting: RHB Lyonell James 0-0: Swinging Strike
0-1: Ball
1-1: Swinging Strike
1-2: Grounds into double play, 6-4-3 (Groundball, 6, EV 86.3 MPH)
Bottom of the 13th over - 0 runs, 1 hit, 0 errors, 0 left on base; Trenton 3 - Portland 3
TOP OF THE 14TH
Trenton Thunder batting - Pitching for Portland Sea Dogs : RHP R.J. Thorp
Pitching: RHP Dave Hemmingsen
Batting: LHB Junior Sanchez 0-0: Ball
1-0: Swinging Strike
1-1: Foul Ball, location: 3F
1-2: Strikes out swinging
Batting: RHB Jose Saldana 0-0: Fly out, F9 (Flyball, 89M, EV 91.9 MPH)
Batting: LHB Oneil Cruz 0-0: Foul Ball, location: 2F
0-1: Foul Ball, location: 2F
0-2: Strikes out swinging
Top of the 14th over - 0 runs, 0 hits, 0 errors, 0 left on base; Trenton 3 - Portland 3
BOTTOM OF THE 14TH
Portland Sea Dogs batting - Pitching for Trenton Thunder : RHP Steve Tapia
Batting: SHB Phil Valvano 0-0: Ball
1-0: Ball
2-0: Ball
3-0: Base on Balls
Batting: RHB Kelvin Diaz 0-0: Called Strike
0-1: Ground out 5-3 (Groundball, 56, EV 86.9 MPH)
Phil Valvano to second
Batting: RHB Chris Barcellos 0-0: Ground out 4-3 (Groundball, 4M, EV 79.4 MPH)
Batting: LHB Steve Cruff 0-0: Called Strike
0-1: SINGLE (Groundball, 4MD, EV 101.3 MPH)
Phil Valvano to third
Runner from 3rd tries for Home, SAFE, throw by CF to home
Bottom of the 14th over - 1 run, 1 hit, 0 errors, 1 left on base; Trenton 3 - Portland 4
Monday, March 25th , 2024 - OOTP Baseball 24.7 Build 72